 Dungeon Crawl Stone Soup version 0.28-a0-863-g8cecda6153 (webtiles) character file.

Game seed: 17072228963146509442

5331 pokeman the Thaumaturge (level 10, -1/56 HPs)
             Began as a Deep Elf Hedge Wizard on Nov 17, 2021.
             Was a Believer of Vehumet.
             Slain by a yak (10 damage)
             ... on level 9 of the Dungeon.
             The game lasted 00:22:11 (10032 turns).

pokeman the Thaumaturge (Deep Elf Hedge Wizard)    Turns: 10032, Time: 00:22:12

Health: -1/56      AC:  4    Str:  7    XL:     10   Next: 38%
Magic:  22/29      EV: 12    Int: 25    God:    Vehumet [**....]
Gold:   478        SH:  0    Dex: 14    Spells: 23/35 levels left

rFire   + . .      SeeInvis .   J - +6 short sword "Luhe" {flame, Int+2}
rCold   + . .      Faith    .   (no shield)
rNeg    . . .      Spirit   .   f - +0 leather armour
rPois   .          Reflect  .   r - +0 helmet
rElec   .          Harm     .   x - scarf {repulsion}
rCorr   .          Rampage  .   (no gloves)
Will    +....                   (no boots)
Stlth   ++........              m - amulet of Lacixo {rF+ Regen+}
HPRegen 1.18/turn               n - ring of protection from cold
MPRegen 0.21/turn               y - +4 ring of slaying

@: studying Necromancy, repel missiles
A: no striking features
a: Renounce Religion


You were on level 9 of the Dungeon.
You worshipped Vehumet.
Vehumet was pleased with you.
You visited 2 branches of the dungeon, and saw 10 of its levels.

You collected 478 gold pieces.

Inventory:

Hand Weapons
 C - a +0 spear of chaos
 E - a +1 halberd of venom
 G - a +0 hand crossbow
 J - the +6 short sword "Luhe" (weapon) {flame, Int+2}
   (You found it on level 8 of the Dungeon)

   It burns those it strikes, dealing additional fire damage.
   Int:       It affects your intelligence (+2).
Missiles
 c - 14 bolts
 h - 157 arrows
Armour
 f - a +0 leather armour (worn)
 r - a +0 helmet (worn)
 x - a scarf of repulsion (worn)
 D - a +1 buckler
Jewellery
 j - an amulet of reflection
 m - the amulet of Lacixo (around neck) {rF+ Regen+}
   (You took it off a gnoll on level 6 of the Dungeon)

   [amulet of regeneration]

   rF:        It protects you from fire.
   Regen:     It increases your rate of health regeneration.
 n - a ring of protection from cold (left hand)
 o - a +6 ring of dexterity
 y - a +4 ring of slaying (right hand)
 F - a ring of resist corrosion
Wands
 p - a wand of polymorph (35)
 B - a wand of charming (17)
 I - a wand of paralysis (7)
Scrolls
 a - a scroll of holy word {unknown}
 b - a scroll of noise {unknown}
 d - 11 scrolls of identify {unknown}
 e - a scroll of enchant armour {unknown}
 g - 3 scrolls of teleportation {unknown}
 i - a scroll of blinking {unknown}
 k - a scroll of fog {unknown}
 q - 2 scrolls of amnesia {unknown}
 s - a scroll of fear {unknown}
 t - a scroll of torment {unknown}
 w - 2 scrolls of silence {unknown}
 A - 2 scrolls of immolation {unknown}
 H - a scroll of enchant weapon {unknown}
Potions
 l - 2 potions of curing
 u - a potion of flight {unknown}
 v - a potion of berserk rage {unknown}
 z - a potion of degeneration {unknown}


   Skills:
 - Level 3.0 Fighting
 - Level 3.0 Armour
 - Level 3.2 Dodging
 - Level 3.0 Stealth
 + Level 2.8 Shields
 * Level 13.3 Spellcasting
 + Level 7.6 Conjurations
 - Level 1.1 Summonings
 - Level 1.0 Necromancy
 - Level 1.1 Translocations
 + Level 6.7 Fire Magic
 - Level 1.1 Air Magic
 - Level 1.0 Poison Magic
 - Level 1.1 Evocations


You had 23 spell levels left.
You knew the following spells:

 Your Spells              Type           Power      Damage    Failure   Level
a - Magic Dart            Conj           100%       1d8       1%          1
b - Mephitic Cloud        Conj/Pois/Air  32%        N/A       4%          3
c - Call Imp              Summ           22%        N/A       4%          2
d - Blink                 Tloc           44%        N/A       4%          2
e - Conjure Flame         Conj/Fire      51%        6-21      1%          3
f - Shock                 Conj/Air       100%       1d9       1%          1

Your spell library contained the following spells:

 Spells                   Type           Power      Damage    Failure   Level
 Searing Ray              Conj           100%       2d8       1%          2
 Slow                     Hex            64%        N/A       4%          1
 Gell's Gravitas          Tloc           22%        N/A       10%         3
 Lesser Beckoning         Tloc           22%        N/A       10%         3
 Teleport Other           Tloc           22%        N/A       10%         3
 Fulminant Prism          Conj/Hex       17%        3d11      11%         4
 Irradiate                Conj/Tmut      17%        3d19      30%         5
 Blade Hands              Tmut           8%         N/A       80%         5
 Dragon Form              Tmut           8%         N/A       100%        7


Dungeon Overview and Level Annotations

Branches:
Dungeon (9/15)             Temple (1/1) D:4            Lair (0/6) D:8
    Orc: D:9-12

Altars:
Dithmenos
Fedhas
Gozag
Hepliaklqana
Kikubaaqudgha
Ru
Vehumet

Shops:
D:1 [   D:6 [


Message History

The yak gores you!
Unknown command.
Unknown command.
You puncture the yak! You burn the yak.
You kill the yak!
Vehumet accepts your kill.
You feel your power returning.
The yak is engulfed in blazing flames.
A killer bee comes into view.
Unknown command.
Unknown command.
The killer bee buzzes angrily.
You hit the yak. You burn the yak.
The yak is heavily wounded.
You hear an angry buzzing noise. x2
The yak barely misses you.
The yak is engulfed in blazing flames.
The yak completely misses you.
Unknown command.
Unknown command.
You barely miss the yak.
The yak is heavily wounded.
The yak gores you!
* * * LOW HITPOINT WARNING * * *
The yak is engulfed in blazing flames.
The yak gores you.
* * * LOW HITPOINT WARNING * * *
The yak gores you but does no damage.
Unknown command.
Casting: Conjure Flame (safe; 1% risk of failure)
Confirm with . or Enter, or press ? or * to list all spells.
Aiming: Mephitic Cloud (dangerous; 4% risk of failure)
Press: ? - help, Shift-Dir - straight line The ball explodes into a vile cloud!
The stinking cloud engulfs the killer bee but does no damage.
The stinking cloud engulfs the yak but does no damage.
The yak is heavily wounded.
You hear an angry buzzing noise. x2; You hear a shout!
A killer bee comes into view.
The killer bee is engulfed in noxious fumes.
The killer bee appears confused.
The yak is engulfed in blazing flames.
The yak gores you!
You die...

.....#..#............
....y#..#............
.......##'##....####
...........#....#
...#..[...#....#
#.☼#...#....#
#☼y##########
#○Y#.......#
#.@Y.......#
#+######.###


You could see 2 yaks and 2 killer bees.

Vanquished Creatures
  Maurice (D:8)
  The ghost of mitch45678 the Cleaver, a novice MiBe of Trog (D:5)
  10 yaks
  A wraith (D:6)
  Edmund (D:4)
  2 water moccasins
  A black bear (D:7)
  2 sky beasts
  2 ice beasts (D:7)
  An orc warrior (D:6)
  An ogre (D:4)
  2 necrophages
  A phantom (D:5)
  A kobold brigand (D:7)
  3 bullfrogs
  2 gnoll sergeants (D:6)
  2 scorpions
  2 water moccasin skeletons (D:5)
  4 killer bees (D:9)
  2 jellies
  2 howler monkeys
  A centaur zombie (D:8)
  5 hounds
  2 bullfrog zombies (D:6)
  A bullfrog skeleton (D:6)
  2 gnoll shamans
  2 orc priests (D:5)
  An iguana (D:5)
  6 orc wizards
  2 howler monkey skeletons (D:4)
  2 howler monkey zombies
  13 gnolls
  6 adders
  A shadow imp (D:8)
  2 white imps
  An ufetubus (D:6)
  A worm (D:3)
  The ghost of croobank the Sneak, a weakling DsDe (D:6)
  5 dart slugs
  18 orcs
  4 ball pythons
  13 endoplasms
  2 giant cockroaches (D:2)
  4 goblins
  5 hobgoblins
  9 kobolds
  7 quokkas
  8 bats
  6 frilled lizards
  2 rats
176 creatures vanquished.

Vanquished Creatures (others)
  9 plants (D:6)
9 creatures vanquished.

Grand Total: 185 creatures vanquished

Notes
Turn   | Place    | Note
-------+----------+-------------------------------------------
     0 | D:1      | pokeman the Deep Elf Hedge Wizard began the quest for the
                  | Orb.
     0 | D:1      | Reached XP level 1. HP: 10/10 MP: 7/7
   238 | D:1      | Reached XP level 2. HP: 16/16 MP: 5/9
   406 | D:1      | Found Arugrism's Armour Boutique.
  1077 | D:2      | Found a faded altar of an unknown god.
  1101 | D:2      | Reached skill level 5 in Spellcasting
  1281 | D:2      | Reached XP level 3. HP: 20/20 MP: 4/11
  1285 | D:2      | Learned a level 3 spell: Mephitic Cloud
  1288 | D:2      | Learned a level 2 spell: Call Imp
  1291 | D:2      | Learned a level 2 spell: Blink
  1295 | D:2      | Learned a level 3 spell: Conjure Flame
  1764 | D:2      | Reached skill level 1 in Fighting
  1885 | D:2      | Reached skill level 1 in Armour
  2234 | D:3      | Reached XP level 4. HP: 22/25 MP: 4/13
  3285 | D:3      | Found a sacrificial altar of Ru.
  3303 | D:4      | Noticed an ogre
  3307 | D:4      | Reached skill level 1 in Fire Magic
  3321 | D:4      | Killed an ogre
  3322 | D:4      | Reached skill level 6 in Spellcasting
  3322 | D:4      | Reached XP level 5. HP: 15/29 MP: 4/15
  3418 | D:4      | Noticed Edmund
  3430 | D:4      | Killed Edmund
  3431 | D:4      | Reached skill level 1 in Air Magic
  3431 | D:4      | Reached XP level 6. HP: 19/34 MP: 6/17
  3605 | D:4      | Reached skill level 7 in Spellcasting
  4248 | D:4      | Found a staircase to the Ecumenical Temple.
  4257 | Temple   | Entered the Ecumenical Temple
  4297 | Temple   | Became a worshipper of Vehumet
  4383 | D:4      | Reached skill level 1 in Poison Magic
  4464 | D:5      | Entered Level 5 of the Dungeon
  4487 | D:5      | Reached XP level 7. HP: 23/38 MP: 3/20
  4615 | D:5      | Found a runed translucent gate.
  4615 | D:5      | Found a runed translucent gate.
  4615 | D:5      | Found a runed translucent gate.
  4615 | D:5      | Noticed mitch45678's ghost (novice MiBe)
  4644 | D:5      | Noticed a yak
  4648 | D:5      | Noticed a yak
  4649 | D:5      | Noticed a yak
  4650 | D:5      | Reached skill level 1 in Evocations
  4658 | D:5      | Killed a yak
  4659 | D:5      | Reached skill level 1 in Shields
  4659 | D:5      | Reached skill level 8 in Spellcasting
  4659 | D:5      | Killed a yak
  4663 | D:5      | Killed a yak
  4664 | D:5      | Reached XP level 8. HP: 7/43 MP: 4/22
  4678 | D:5      | Reached skill level 9 in Spellcasting
  5472 | D:5      | Reached skill level 5 in Conjurations
  5476 | D:5      | Reached skill level 10 in Spellcasting
  5480 | D:5      | Reached * piety under Vehumet
  5480 | D:5      | Offered knowledge of Freeze by Vehumet.
  5481 | D:5      | Reached XP level 9. HP: 35/48 MP: 20/25
  5978 | D:5      | Killed mitch45678's ghost
  5979 | D:5      | Reached skill level 11 in Spellcasting
  5979 | D:5      | Reached skill level 5 in Fire Magic
  6568 | D:6      | Found a transporter.
  7186 | D:6      | Reached skill level 12 in Spellcasting
  7611 | D:6      | Found Mwindo's Dragon-Slaying Spoils.
  7755 | D:6      | Found a transporter.
  7766 | D:6      | Identified the amulet of Lacixo {rF+ Regen+}
  7769 | D:6      | Noticed croobank's ghost (weakling DsDe)
  7882 | D:6      | Killed croobank's ghost
  8286 | D:7      | Reached skill level 1 in Necromancy
  8432 | D:7      | Offered knowledge of Shock by Vehumet.
  8432 | D:7      | HP: 2/50 [poisoned by a water moccasin]
  8465 | D:7      | Reached ** piety under Vehumet
  8466 | D:7      | Reached XP level 10. HP: 55/56 MP: 22/28
  8563 | D:7      | Learned a level 1 spell: Shock
  9398 | D:8      | Found a staircase to the Lair.
  9673 | D:8      | Noticed Maurice
  9682 | D:8      | Killed Maurice
  9683 | D:8      | Reached skill level 13 in Spellcasting
  9803 | D:8      | Identified the +6 short sword "Luhe" {flame, Int+2}
 10032 | D:9      | Slain by a yak

Illustrated notes

Levels and vault maps discovered:
D:1:      ncdulo_smallfort, layout_basic, serial_shops, nicolae_shop_waterfront,
          grunt_decor_junction
D:2:      layout_basic, ebering_ecumenical_altar_petrified
D:3:      layout_loops_ring, hangedman_ru_absence, roderic_nine_men_s_morris
D:4:      layout_loops_ring, minmay_temple_entry_poolview, hangedman_decor_push,
          uniq_edmund
D:5:      layout_rooms, ebering_ghost_rock_garden, dk_vineyard_2
D:6:      layout_rooms, gammafunk_ghost_gnarly_gnolls, serial_bayou_pond_b,
          grunt_ministairs_8, nicolae_shop_dragon_depot, bh_walls_and_bars
D:7:      layout_basic, grunt_ministairs_7, kennysheep_crisscross
D:8:      layout_loops_cross, lair_entry_dummy, minmay_checkerbox, uniq_maurice
D:9:      layout_grid_maze
Temple:   mainiacjoe_temple_archimedes_tessellation

Skill      XL: |  1  2  3  4  5  6  7  8  9 10 |
---------------+-------------------------------+-----
Spellcasting   | 5 6 7 8 10 12 13 | 13.3
Fighting       | 1 2 3 |  3.0
Armour         | 1 2 3 |  3.0
Conjurations   | 2 3 4 5 7 |  7.6
Fire Magic     | 1 2 4 6 |  6.7
Dodging        | 3 |  3.2
Stealth        | 3 |  3.0
Air Magic      | 1 |  1.1
Poison Magic   | 1 |  1.0
Evocations     | 1 |  1.1
Shields        | 1 2 |  2.8
Necromancy     | 1 |  1.0
Summonings     | |  1.1
Translocations | |  1.1

Action                   |  1- 3 |  4- 6 |  7- 9 | 10-12 || total
-------------------------+-------+-------+-------+-------++-------
Melee: War axe           |       |    16 |       |       ||    16
       Flail             |       |     5 |    56 |       ||    61
       Halberd           |       |       |     4 |    34 ||    38
       Short sword       |       |       |       |    13 ||    13
 Cast: Magic Dart        |   114 |   100 |   234 |    33 ||   481
       Mephitic Cloud    |       |     5 |    13 |     7 ||    25
       Conjure Flame     |       |     2 |    22 |     8 ||    32
       Call Imp          |       |       |     6 |       ||     6
  Use: Potion            |       |       |     1 |       ||     1
 Stab: Confused          |       |     1 |     2 |     3 ||     6
Armor: Leather armour    |     4 |     8 |    14 |     5 ||    31
Dodge: Dodged            |    12 |    16 |    57 |    30 ||   115
Block: Other             |       |     5 |    21 |       ||    26
       Reflection        |       |       |     1 |       ||     1

Table legend: (Time is in decaauts)
 A = Elapsed time spent in this place.
 B = Non-inter-level travel time spent in this place.
 C = Inter-level travel time spent in this place.
 D = Time resting spent in this place.
 E = Time spent auto-exploring this place.
 F = Levels seen in this place.
 G = Mean time per level.
                   A        B        C        D        E       F      G
               +--------+--------+--------+--------+--------+-----+--------+
         Total |  10086 |   9755 |    331 |    492 |   7841 |  10 | 1008.6 |
       Dungeon |  10006 |   9713 |    293 |    492 |   7813 |   9 | 1111.8 |
        Temple |     79 |     41 |     38 |      0 |     28 |   1 |   79.0 |
               +--------+--------+--------+--------+--------+-----+--------+

Top non-repeatable levels by time:
     D:5: 1977 daAuts
     D:6: 1758 daAuts
     D:3: 1179 daAuts
     D:2: 1140 daAuts
     D:4: 1087 daAuts
     D:7: 1070 daAuts
     D:1: 983 daAuts
     D:8: 678 daAuts
     D:9: 130 daAuts
  Temple: 79 daAuts
